 Dungeon Sprint DCSS version 0.17.1-2-g5865329 (webtiles) character file.

1619 hexophile the Carver (level 8, -2/83 HPs)
             Began as a Ghoul Berserker on Jan 27, 2016.
             Was a Priest of Trog.
             Killed from afar by a gargoyle (20 damage)
             ... with a stone arrow
             ... in the Dungeon (Sprint IX: "|||||||||||||||||||||||||||||").
             The game lasted 00:02:53 (472 turns).

hexophile the Carver (Ghoul Berserker)               Turns: 472, Time: 00:02:53

Health: -2/83      AC:  9    Str: 23    XL:     8   Next: 96%
Magic:  7/7        EV: 12    Int:  3    God:    Trog [***...]
Gold:   0          SH:  0    Dex: 10    Spells: 0 memorised, 7 levels left

rFire  . . .     SeeInvis .     a - +0 falchion
rCold  + . .     Clarity  .     r - +1 scale mail
rNeg   + + +     SustAt   .     (no shield)
rPois  ∞         Gourm    .     (no helmet)
rElec  .         Spirit   .     o - +0 cloak
rCorr  .         Warding  .     n - +0 pair of gloves
rMut   .         NoTele   +     (no boots)
MR     ++...                    (no amulet)
Stlth  ..........               p - +2 ring of evasion
                                q - +3 ring of strength

@: very slightly contaminated, regenerating, rotting, invisible, very resistant
to hostile enchantments, extremely unstealthy
A: rotting body, claws 1, carnivore 3, cold resistance 1, negative energy
resistance 3, slow regeneration 1, torment resistance, unbreathing
a: Trog's Hand, Burn Spellbooks, Renounce Religion


You were in the Dungeon.
You worshipped Trog.
Trog was most pleased with you.
You were not hungry.

You visited 1 branch


Innate Abilities, Weirdness & Mutations

Your body is rotting away.
You thrive on raw meat.
You are immune to poison.
You have sharp fingernails.
You are carnivorous and can eat meat at any time.
Your flesh is cold resistant.
You are immune to negative energy.
You regenerate slowly when monsters are visible.
You are immune to unholy pain and torment.
You can survive without breathing.

Inventory:

Hand Weapons
 a - a +0 falchion (weapon)
Armour
 n - a +0 pair of gloves (worn)
 o - a +0 cloak (worn)
 r - a +1 scale mail (worn)
Jewellery
 p - a +2 ring of evasion (right hand)
 q - a +3 ring of strength (left hand)
Wands
 m - a wand of draining (3)
Scrolls
 i - 2 scrolls of blinking
 l - 3 scrolls of remove curse
Potions
 d - 5 potions of curing
 g - 4 potions of magic
 h - a potion of berserk rage
Comestibles
 c - a meat ration
 j - 5 chunks of flesh


You had 7 spell levels left.
You didn't know any spells.


   Skills:
 + Level 12.1 Fighting
 + Level 14.4 Long Blades
 - Level 1.7 Armour
 - Level 1.7 Dodging

Dungeon Overview and Level Annotations

Branches:
Dungeon (1/1)

Altars:
Cheibriados
Dithmenos
Elyvilon
Fedhas
Gozag
Kikubaaqudgha
Makhleb
Nemelex Xobeh
Okawaru
Qazlal
Ru
Sif Muna
Trog
Vehumet
Xom
Yredelemnul
Zin
The Shining One
Beogh
Jiyva
Lugonu

Vault maps used:
D:        linesprint
You       could see a gargoyle and a bat zombie (wandering).


Message History

You hit the gargoyle but do no damage.
The gargoyle is moderately damaged.
You hit the gargoyle but do no damage.
The gargoyle is moderately damaged.
The gargoyle closely misses you.
Your scale mail prevents you from hitting the gargoyle.
The gargoyle is moderately damaged.
You hit the gargoyle.
The gargoyle is heavily damaged.
You hit the gargoyle but do no damage.
The gargoyle is heavily damaged.
The gargoyle hits you with a flail!!
* * * LOW HITPOINT WARNING * * *
!MASSIVE DAMAGE!
YOU LOST 17 HP!
You have now: 15/83 HP.
Drink which item? (? for menu, Esc to quit)
Okay, then.
Press: ? - help, v - describe, . - travel
Here: a gargoyle, wielding a flail (heavily damaged)
The floor.
Drink which item? (? for menu, Esc to quit)
You fade into invisibility!
You feel the effects of Trog's Hand fading.
Unknown command.
The gargoyle hurls a stone arrow at something.
The stone arrow hits you!
* * * LOW HITPOINT WARNING * * *
You lost 9 HP.
You have now: 8/83 HP.
There is an open door here.
You see here 3 javelins of penetration.
The gargoyle hurls a stone arrow at something.
The stone arrow misses you.
Your skin stops crawling.
You feel less resistant to hostile enchantments.
Things that are here:
a club; 2 stones
There is an open door to the Dungeon, spattered with blood here.
You see here a club.
Your extra speed is starting to run out.
Your skin crawls.
You feel resistant to hostile enchantments.
You feel slightly more hungry.
Unknown command.
There is a staircase leading out of the dungeon here.
You see here a stone.
A gargoyle is nearby!
You feel yourself slow down.
The gargoyle hurls a stone arrow at you.
The stone arrow hits you!
You die...

Action                   |  1- 3 |  4- 6 |  7- 9 || total
-------------------------+-------+-------+-------++-------
Melee: Falchion          |    33 |    11 |    69 ||   113
Invok: Trog's Hand       |     1 |     1 |     5 ||     7
       Brothers in Arms  |       |     1 |     1 ||     2
Evoke: Wand              |       |     4 |       ||     4
  Use: Potion            |       |     1 |     4 ||     5
  Eat: Chunk             |     2 |     3 |     3 ||     8

Notes
Turn   | Place    | Note
--------------------------------------------------------------
     0 | D        | hexophile the Ghoul Berserker began the quest for the Orb.
     0 | D        | Reached XP level 1. HP: 19/19 MP: 0/0
    10 | D        | Reached skill level 3 in Long Blades
    13 | D        | Reached ** piety under Trog
    13 | D        | Reached skill level 4 in Long Blades
    20 | D        | Reached XP level 2. HP: 17/26 MP: 1/1
   125 | D        | Noticed a scorpion
   126 | D        | Reached *** piety under Trog
   132 | D        | Received a gift from Trog
   155 | D        | Killed a scorpion
   155 | D        | Reached skill level 7 in Long Blades
   155 | D        | Reached XP level 3. HP: 10/30 MP: 2/2
   155 | D        | Reached XP level 4. HP: 12/37 MP: 3/3
   188 | D        | Found a glowing silver altar of Zin.
   188 | D        | Found a glowing golden altar of the Shining One.
   188 | D        | Found an ancient bone altar of Kikubaaqudgha.
   188 | D        | Found a basalt altar of Yredelemnul.
   188 | D        | Found a shimmering altar of Xom.
   188 | D        | Found a radiant altar of Vehumet.
   189 | D        | Found an iron altar of Okawaru.
   190 | D        | Found a burning altar of Makhleb.
   191 | D        | Found a deep blue altar of Sif Muna.
   192 | D        | Found a bloodstained altar of Trog.
   193 | D        | Found a sparkling altar of Nemelex Xobeh.
   194 | D        | Found a white marble altar of Elyvilon.
   195 | D        | Found a roughly hewn altar of Beogh.
   196 | D        | Found a viscous altar of Jiyva.
   197 | D        | Found a corrupted altar of Lugonu.
   198 | D        | Found a blossoming altar of Fedhas.
   199 | D        | Found a snail-covered altar of Cheibriados.
   200 | D        | Found a shadowy altar of Dithmenos.
   201 | D        | Found a stormy altar of Qazlal.
   202 | D        | Found an opulent altar of Gozag.
   203 | D        | Found a sacrificial altar of Ru.
   265 | D        | Noticed a crimson imp
   265 | D        | Noticed a hill giant
   265 | D        | Noticed an eye of draining
   265 | D        | Noticed an eye of draining
   271 | D        | Killed an eye of draining
   271 | D        | Reached skill level 9 in Long Blades
   271 | D        | Reached XP level 5. HP: 24/45 MP: 0/4
   271 | D        | Killed an eye of draining
   271 | D        | Reached **** piety under Trog
   271 | D        | Reached skill level 11 in Long Blades
   271 | D        | Reached XP level 6. HP: 27/51 MP: 0/5
   287 | D        | Killed an unseen horror
   287 | D        | Reached skill level 9 in Fighting
   287 | D        | Reached skill level 13 in Long Blades
   287 | D        | Reached XP level 7. HP: 27/70 MP: 1/6
   288 | D        | Killed a hill giant
   288 | D        | Reached skill level 10 in Fighting
   288 | D        | Reached XP level 8. HP: 31/81 MP: 1/7
   305 | D        | Killed a crimson imp
   305 | D        | Received a gift from Trog
   305 | D        | Reached skill level 11 in Fighting
   332 | D        | Noticed a gargoyle
   332 | D        | Noticed a skeletal warrior
   332 | D        | Noticed a wasp
   332 | D        | Noticed a jelly
   336 | D        | Killed a jelly
   430 | D        | Killed a skeletal warrior
   430 | D        | Reached skill level 12 in Fighting
   430 | D        | Reached skill level 14 in Long Blades
   436 | D        | Killed a wasp
   472 | D        | Killed from afar by a gargoyle

Table legend:
 A = Turns spent in this place as a percentage of turns spent in the entire game.
 B = Non-inter-level travel turns spent in this place as a percentage of non-inter-level travel turns spent in the entire game.
 C = Inter-level travel turns spent in this place as a percentage of turns spent in this place.
 D = Turns resting spent in this place as a percentage of non-inter-level travel turns spent in this place.
 E = Turns spent auto-exploring this place as a percentage of non-inter-level travel turns spent in this place.
 F = Non-inter-level travel turns spent in this place divided by the number of levels of this place that you've seen.
                   A       B       C       D       E      F
               +-------+-------+-------+-------+-------+----------------------
         Total | 100.0 | 100.0 |   0.0 |   0.5 |   0.0 | 383.0
       Dungeon | 100.0 | 100.0 |   0.0 |   0.5 |   0.0 | 383.0
               +-------+-------+-------+-------+-------+----------------------

Table legend:
 A = Kills in this place as a percentage of kills in entire the game.
 B = Kills by you in this place as a percentage of kills by you in the entire game.
 C = Kills by friends in this place as a percentage of kills by friends in the entire game.
 D = Other kills in this place as a percentage of other kills in the entire game.
 E = Experience gained in this place as a percentage of experience gained in the entire game.
 F = Experience gained in this place divided by the number of levels of this place that you have seen.
                   A       B       C       D       E      F
               +-------+-------+-------+-------+-------+----------------------
         Total | 100.0 | 100.0 | 100.0 |  -nan | 100.0 | 2314.0
       Dungeon | 100.0 | 100.0 | 100.0 |  -nan | 100.0 | 2314.0
               +-------+-------+-------+-------+-------+----------------------

Vanquished Creatures
  A skeletal warrior (D)
  2 eyes of draining (D)
  A wasp (D)
  A scorpion (D)
  A jelly (D)
  A giant gecko (D)
  An orc (D)
  2 ball pythons (D)
  A bat (D)
  A goblin (D)
  A kobold (D)
  A quokka (D)
  2 giant gecko skeletons (D)
16 creatures vanquished.

Vanquished Creatures (collateral kills)
  An unseen horror (D)
  A hill giant (D)
  A crimson imp (D)
  An adder zombie (D)
4 creatures vanquished.

Grand Total: 20 creatures vanquished
